 Dungeon Crawl Stone Soup version 0.22.0-27-ga576289 (webtiles) character file.

131 Greyaxe the Chopper (level 4, -11/38 HPs)
             Began as a Minotaur Gladiator on Aug 21, 2018.
             Hit by a tomahawk thrown by an orc warrior (16 damage)
             ... on level 3 of the Dungeon on Aug 22, 2018.
             The game lasted 00:08:35 (2475 turns).

Greyaxe the Chopper (Minotaur Gladiator)            Turns: 2475, Time: 00:08:36

Health: -11/38     AC:  3    Str: 19    XL:     4   Next: 91%
Magic:  3/3        EV: 13    Int:  9    God:
Gold:   70         SH:  0    Dex: 12    Spells: 3/3 levels left

rFire    . . .     SeeInvis .   a - +0 war axe
rCold    . . .     Gourm    .   (no shield)
rNeg     . . .     Faith    .   b - +0 leather armour
rPois    .         Spirit   .   c - +0 hat
rElec    .         Reflect  .   (no cloak)
rCorr    .         Harm     .   (no gloves)
MR       .....                  (no boots)
Stlth    +.........             (no amulet)
HPRegen  0.12/turn              e - +4 ring of intelligence
MPRegen  0.08/turn              (no ring)

@: no status effects
A: retaliatory headbutt, horns 2
a: no special abilities


You were on level 3 of the Dungeon.
You were not hungry.

You visited 1 branch of the dungeon, and saw 3 of its levels.

You collected 70 gold pieces.

Inventory:

Hand Weapons
 a - a +0 war axe (weapon)
Missiles
 d - 3 throwing nets (quivered)
Armour
 b - a +0 leather armour (worn)
 c - a +0 hat (worn)
Magical Staves
 g - an uncursed staff of fire
Jewellery
 e - a +4 ring of intelligence (left hand)
Scrolls
 i - a scroll of remove curse
Potions
 h - a potion of curing {unknown}
Comestibles
 f - 4 chunks of flesh


   Skills:
 + Level 3.3 Fighting
 + Level 5.1 Axes
 + Level 2.1 Throwing
 + Level 1.7 Armour
 + Level 4.0 Dodging
 + Level 0.7 Stealth


You had 3 spell levels left.
You didn't know any spells.
Your spell library was empty.

Dungeon Overview and Level Annotations

Branches:
Dungeon (3/15)

Altars:


Innate Abilities, Weirdness & Mutations

You reflexively headbutt those who attack you in melee.
You have a pair of horns on your head.


Message History

The orc hits you with a club.
Things that are here:
a falchion; a chain mail; an orc corpse You completely miss the orc.
You headbutt the orc.
The orc is severely wounded.
The orc hits you with a club.
You barely miss the orc. You headbutt the orc.
You kill the orc!
You hit the ooze.
The ooze is lightly wounded.
The ooze hits you.
You slash the ooze!
You kill the ooze!
The orc warrior throws a tomahawk.
The tomahawk hits you!
You hit the orc but do no damage. You headbutt the orc.
You kill the orc!
The orc warrior throws a tomahawk.
The tomahawk hits you!
* * * LOW HITPOINT WARNING * * *
The orc warrior throws a tomahawk.
The tomahawk hits you!
You die...

###....#..........#
#.##
.......#..........#
#.##
......o#..........#
#.## #.o.#....)†....#
#.## #.......#.######
#.##
#...#..##.#########.##
#...#o..#.............
#...#)#.##############
#...#@#.# #..J#.#.#
#...#.#.# #[....#.#
.###.# #. #.# # #.#


You could see an orc warrior.

Vanquished Creatures
  An orc wizard (D:3)
  3 adders
  A gnoll (D:2)
  An ooze (D:3)
  5 worms
  3 leopard geckos
  7 orcs (D:3)
  4 hobgoblins
  2 jackals (D:3)
  3 kobolds (D:1)
  2 bats
  2 frilled lizards (D:3)
  4 goblins
  3 rats
  2 bushes (D:2)
43 creatures vanquished.

Notes
Turn   | Place    | Note
-------+----------+-------------------------------------------
     0 | D:1      | Greyaxe the Minotaur Gladiator began the quest for the Orb.
     0 | D:1      | Reached XP level 1. HP: 18/18 MP: 0/0
    98 | D:1      | Reached XP level 2. HP: 20/25 MP: 1/1
   180 | D:1      | Reached skill level 4 in Axes
   589 | D:2      | Reached XP level 3. HP: 22/30 MP: 2/2
  2181 | D:3      | Reached skill level 1 in Armour
  2181 | D:3      | Reached XP level 4. HP: 18/38 MP: 3/3
  2189 | D:3      | Reached skill level 5 in Axes
  2460 | D:3      | Noticed an orc warrior
  2475 | D:3      | Hit by a tomahawk thrown by an orc warrior

Skill      XL: |  1  2  3  4 |
---------------+-------------+-----
Axes           | 4 5 |  5.1
Fighting       | 3 |  3.3
Armour         | 1 |  1.7
Dodging        | 4 |  4.0
Throwing       | |  2.1
Stealth        | |  0.7

Action                   |  1- 3 |  4- 6 || total
-------------------------+-------+-------++-------
Melee: War axe           |   141 |    20 ||   161
       Headbutt          |    43 |     5 ||    48
  Use: Scroll            |     6 |       ||     6
       Potion            |     2 |       ||     2
 Stab: Sleeping          |     1 |       ||     1
  Eat: Ration            |     2 |       ||     2
Armor: Leather armour    |    22 |     1 ||    23
Dodge: Dodged            |    57 |    15 ||    72
